 Dungeon Crawl Stone Soup version 0.30-a0-528-g8c47a4955b (webtiles) character file.

Game seed: 13813321047075928580

56 xzight the Magician (level 3, -1/19 HPs)
             Began as a Deep Elf Earth Elementalist on Dec 23, 2022.
             Slain by Grinder (4 damage)
             ... on level 3 of the Dungeon.
             The game lasted 00:04:13 (1948 turns).

xzight the Magician (Deep Elf Earth Elementalist)   Turns: 1948, Time: 00:04:13

Health: -1/19      AC:  5    Str:  5    XL:     3   Next: 71%
Magic:  7/11       EV: 12    Int: 21    God:
Gold:   68         SH:  0    Dex: 15    Spells: 9/12 levels left

rFire   . . .      SeeInvis .    f - +0 dagger
rCold   . . .      Faith    .    (no shield)
rNeg    . . .      Spirit   .    a - +0 robe
rPois   +          Reflect  .    (no helmet)
rElec   .          Harm     .    o - +2 cloak {rPois}
rCorr   .          Rampage  .    (no gloves)
Will    .....                    (no boots)
Stlth   ++                       (no amulet)
HPRegen 0.23/turn                (no ring)
MPRegen 0.12/turn                (no ring)

@: no status effects
A: no striking features
a: no special abilities


You were on level 3 of the Dungeon.
You visited 1 branch of the dungeon, and saw 4 of its levels.

You collected 68 gold pieces.


   Skills:
 - Level 2.4 Dodging
 - Level 2.4 Stealth
 - Level 5.0 Spellcasting
 + Level 1.8 Transmutations
 + Level 3.6 Earth Magic


You had 9 spell levels left.
You knew the following spells:

 Your Spells              Type           Power      Damage    Failure   Level
a - Sandblast             Erth           40%        2d10      2%          1
b - Passwall              Tmut/Erth      13%        N/A       5%          2

Your spell library contained the following spells:

 Spells                   Type           Power      Damage    Failure   Level
 Beastly Appendage        Tmut           24%        N/A       5%          1
 Wereblood                Tmut           12%        N/A       8%          2
 Magic Dart               Conj           20%        1d4       11%         1
 Call Imp                 Summ           5%         N/A       16%         2
 Stone Arrow              Conj/Erth      24%        3d8       16%         3
 Spider Form              Tmut/Pois      9%         N/A       22%         3
 Dazzling Flash           Conj/Hex       10%        N/A       32%         3
 Mephitic Cloud           Conj/Pois/Air  5%         N/A       32%         3
 Petrify                  Tmut/Erth      16%        N/A       34%         4
 Iskenderun's Mystic Bla  Conj/Tloc      5%         2d3       71%         4
 Starburst                Conj/Fire      2%         6d3       100%        6

Inventory:

Hand Weapons
 f - a +0 dagger (weapon)
Armour
 a - a +0 robe (worn)
 o - a +2 cloak of poison resistance (worn)
 q - a +0 pair of boots
Wands
 r - a wand of iceblast (6)
Scrolls
 c - a scroll of fog {unknown}
 d - a scroll of teleportation {unknown}
 e - a scroll of immolation {unknown}
 h - a scroll of noise {unknown}
 k - a scroll of fear {unknown}
 m - a scroll of poison {unknown}
 p - a scroll of enchant armour {unknown}
 s - a scroll of identify {@r1}
Potions
 b - 2 potions of magic
 g - 4 potions of degeneration
 i - a potion of cancellation {unknown}
 j - a potion of berserk rage {unknown}
 l - 2 potions of ambrosia {unknown}
 n - a potion of curing {unknown}
 t - a potion of flight {unknown}

Dungeon Overview and Level Annotations

Branches:
Dungeon (4/15)
 Temple: D:4-7

Altars:

Shops:
D:1 (

Annotations:
D:3 Grinder

.# .# ##.#
≈.#.##### #..#
≈......># #..#
≈...###.###..#
≈...........|#####
≈................#
≈######.###@.#.###
#.# #5g# # #.#
#..# #.# #..# #.#
#..# ... .... ####


You could see Grinder and a goblin.


Message History

Grinder is lightly wounded.
Grinder barely misses you.
Casting: Sandblast (safe; 2% risk of failure)
Confirm with . or Enter, or press ? or * to list all spells.
Aiming: Sandblast (safe; 2% risk of failure)
Press: ? - help, Shift-Dir - straight line, f/p - Grinder
Aim: Grinder (lightly wounded, 81% to hit)
The blast of sand hits Grinder.
Grinder is moderately wounded.
Grinder gestures at you.
You barely resist. Grinder hits you but does no damage.
Casting: Sandblast (safe; 2% risk of failure)
Confirm with . or Enter, or press ? or * to list all spells.
Aiming: Sandblast (safe; 2% risk of failure)
Press: ? - help, Shift-Dir - straight line, f/p - Grinder
Aim: Grinder (lightly wounded, 81% to hit)
The blast of sand misses Grinder.
The goblin barely misses you. Grinder hits you.
You writhe in agony.
* * * LOW HITPOINT WARNING * * *
Casting: Sandblast (safe; 2% risk of failure)
Confirm with . or Enter, or press ? or * to list all spells.
Aiming: Sandblast (safe; 2% risk of failure)
Press: ? - help, Shift-Dir - straight line, f/p - Grinder
Aim: Grinder (lightly wounded, 81% to hit)
The blast of sand hits Grinder but does no damage.
Grinder is lightly wounded.
Grinder hits you.
* * * LOW HITPOINT WARNING * * *
You writhe in agony.
You die...

Skill      XL: |  1  2  3 |
---------------+----------+-----
Spellcasting   | 4 5 |  5.0
Dodging        | |  2.4
Stealth        | |  2.4
Transmutations | |  1.8
Earth Magic    | |  3.6

Action                   || total
-------------------------++-------
 Cast: Sandblast         ||    58
  Use: Scroll            ||     1
Armor: Robe              ||     4
Dodge: Dodged            ||     9

Levels and vault maps discovered:
D:1:      dpeg_arrival_simpleton_a, layout_loops_ring, serial_shops, shop,
          chequers_ecumenical_altar_island
D:2:      layout_loops_ring
D:3:      layout_basic, nicolae_overflow_squiral, uniq_grinder
D:4:      layout_loops_ring, uniq_menkaure

Notes
Turn   | Place    | Note
-------+----------+-------------------------------------------
     0 | D:1      | xzight the Deep Elf Earth Elementalist began the quest for
                  | the Orb.
     0 | D:1      | Reached XP level 1. HP: 10/10 MP: 6/6
   140 | D:1      | Found a faded altar of an unknown god.
   284 | D:1      | Reached skill level 4 in Spellcasting
   284 | D:1      | Reached XP level 2. HP: 15/15 MP: 7/9
   287 | D:1      | Learned a level 2 spell: Passwall
   473 | D:1      | Found Guakici's Antique Weapon Boutique.
  1174 | D:2      | Reached XP level 3. HP: 19/19 MP: 9/11
  1244 | D:2      | Reached skill level 5 in Spellcasting
  1901 | D:3      | You fall into a shaft and drop 1 floor!
  1926 | D:4      | Identified the +2 ring mail "Ekhitaer" {rF+ rC++}
  1941 | D:3      | Noticed Grinder
  1948 | D:3      | Slain by Grinder

Vanquished Creatures
  3 dart slugs
  3 endoplasms
  4 hobgoblins
  4 jackals
  6 quokkas
  4 ball pythons
  5 bats
  2 frilled lizards
  6 goblins
  3 kobolds
  4 rats (D:2)
44 creatures vanquished.

Table legend: (Time is in decaauts)
 A = Elapsed time spent in this place.
 B = Non-inter-level travel time spent in this place.
 C = Inter-level travel time spent in this place.
 D = Time resting spent in this place.
 E = Time spent auto-exploring this place.
 F = Levels seen in this place.
 G = Mean time per level.
                   A        B        C        D        E       F      G
               +--------+--------+--------+--------+--------+-----+--------+
         Total |   1976 |   1943 |     33 |    129 |   1541 |   4 |  494.0 |
       Dungeon |   1976 |   1943 |     33 |    129 |   1541 |   4 |  494.0 |
               +--------+--------+--------+--------+--------+-----+--------+

Top non-repeatable levels by time:
     D:1: 1039 daAuts
     D:2: 763 daAuts
     D:3: 143 daAuts
     D:4: 29 daAuts

Table legend:
 A = Non-vault XP
 B = Vault XP
 C = Vault XP percentage of total XP
 D = Non-vault monster count
 E = Vault monster count
 F = Vault count percentage of total count
                 A         B        C        D         E       F
            +---------+---------+-------+---------+---------+-------
      Total |      81 |       0 |   0.0 |      44 |       0 |   0.0
            +---------+---------+-------+---------+---------+-------
        D:1 |      32 |       0 |   0.0 |      17 |       0 |   0.0
        D:2 |      34 |       0 |   0.0 |      19 |       0 |   0.0
        D:3 |      11 |       0 |   0.0 |       6 |       0 |   0.0
        D:4 |       4 |       0 |   0.0 |       2 |       0 |   0.0
            +---------+---------+-------+---------+---------+-------
